 Dungeon Crawl Stone Soup version 0.21.1-1-g345015fe64 (webtiles) character file.

18100 Ludini the Destroyer (level 12, 0/110 HPs)
             Began as a Naga Wizard on Feb 27, 2018.
             Was a High Priest of Sif Muna.
             Killed from afar by an ice statue (24 damage)
             ... with a bolt of cold
             ... in an ice cave.
             The game lasted 01:19:04 (23697 turns).

Ludini the Destroyer (Naga Wizard)                 Turns: 23697, Time: 01:19:05

Health: 0/110      AC: 12    Str:  9    XL:     12   Next: 55%
Magic:  19/23      EV: 13    Int: 26    God:    Sif Muna [*****.]
Gold:   1340       SH:  4    Dex: 10    Spells: 13/26 levels left

rFire    . . .     SeeInvis +   x - +2 dagger (venom)
rCold    . . .     Gourm    .   q - +0 buckler
rNeg     . . .     Faith    +   K - +0 troll leather armour
rPois    +         Spirit   .   b - +1 hat
rElec    .         Reflect  .   (no cloak)
rCorr    .         Harm     .   k - +0 pair of gloves
MR       ++...     Rnd*Rage +   (no barding)
Stlth    +++.......             i - amulet of faith
HPRegen  0.68/turn              u - +4 ring of protection
MPRegen  0.18/turn              p - +4 ring of evasion

@: very slow
A: large, antennae 1, see invisible, berserk 1, clever 1, deformed body, magic
resistance 1, poison resistance, slowness 2, slow metabolism 1, spit poison 1,
AC +4
a: Spit Poison, Divine Energy, Channel Magic, Forget Spell, Renounce Religion


You were in an ice cave.
You worshipped Sif Muna.
Sif Muna was extremely pleased with you.
You were not hungry.

You visited 4 branches of the dungeon, and saw 16 of its levels.
You also visited: Ice Cave.

You collected 1340 gold pieces.

Inventory:

Hand Weapons
 x - a +2 dagger of venom (weapon)
Armour
 a - a +0 robe
 b - a +1 hat (worn)
 k - a +0 pair of gloves (worn)
 q - a +0 buckler (worn)
 K - a +0 troll leather armour (worn)
Jewellery
 i - an amulet of faith (around neck)
 j - a +6 amulet of reflection
 p - a +4 ring of evasion (right hand)
 u - a +4 ring of protection (left hand)
 z - an uncursed ring of stealth
 C - an uncursed ring of flight
 D - an uncursed ring of see invisible
 E - an uncursed ring of protection from fire
Wands
 B - a wand of digging (1)
Scrolls
 f - 7 scrolls of identify
 l - 3 scrolls of enchant armour
 n - 2 scrolls of teleportation
 t - 3 scrolls of amnesia
 y - 3 scrolls of remove curse
 F - a scroll of blinking
Potions
 e - 3 potions of haste
 h - a potion of heal wounds
 m - a potion of flight
 o - 2 potions of curing
 r - 3 potions of agility
 A - a potion of mutation
Books
 c - a book of Minor Magic

   Spells                             Type                      Level
   a - Magic Dart                     Conjuration                  1
   b - Blink                          Translocation                2
   c - Call Imp                       Summoning                    2
   d - Slow                           Hexes                        2
   e - Conjure Flame                  Conjuration/Fire             3
   f - Mephitic Cloud                 Conjuration/Poison/Air       3
 v - a book of Debilitation

   Spells                             Type                      Level
   a - Corona                         Hexes                        1
   b - Slow                           Hexes                        2
   c - Inner Flame                    Hexes/Fire                   3
   d - Portal Projectile              Hexes/Translocation          3
   e - Cause Fear                     Hexes                        4
   f - Leda's Liquefaction            Hexes/Earth                  4
 G - a book of Cantrips

   Spells                             Type                      Level
   a - Confusing Touch                Hexes                        1
   b - Animate Skeleton               Necromancy                   1
   c - Summon Small Mammal            Summoning                    1
   d - Apportation                    Translocation                1
 I - Xamohe's Reference Book on Dusty Flames
   (Sif Muna gifted it to you on level 2 of the Orcish Mines)

   Spells                             Type                      Level
   a - Flame Tongue                   Conjuration/Fire             1
   b - Throw Flame                    Conjuration/Fire             2
   c - Stone Arrow                    Conjuration/Earth            3
   d - Sticky Flame                   Conjuration/Fire             4
   e - Bolt of Fire                   Conjuration/Fire             6
   f - Ring of Flames                 Charms/Fire                  7
   g - Fire Storm                     Conjuration/Fire             9
Comestibles
 d - 17 rations


   Skills:
 + Level 7.7 Fighting
 - Level 1.9 Dodging
 - Level 8.0 Stealth
 - Level 3.0 Shields
 + Level 7.9 Spellcasting
 * Level 10.3 Conjurations
   Level 1.0 Summonings
 - Level 3.4 Translocations
 * Level 6.9 Fire Magic
 - Level 6.3 Air Magic
 + Level 7.2 Invocations


You had 13 spell levels left.
You knew the following spells:

 Your Spells              Type           Power        Failure   Level  Hunger
a - Magic Dart            Conj           ####         1%          1    None
b - Mephitic Cloud        Conj/Pois/Air  #####...     2%          3    None
c - Conjure Flame         Conj/Fire      ######..     1%          3    None
d - Blink                 Tloc           N/A          3%          2    None
e - Sticky Flame          Conj/Fire      ######..     2%          4    ##.....


Dungeon Overview and Level Annotations

Branches:
Dungeon (12/15)            Temple (1/1) D:5            Lair (1/6) D:11
    Orc (2/2) D:10
    Elf: Orc:2

Altars:
Ashenzari
Cheibriados
Dithmenos
Elyvilon
Fedhas
Gozag
Hepliaklqana
Kikubaaqudgha
Makhleb
Nemelex Xobeh
Okawaru
Qazlal
Ru
Sif Muna
Trog
Uskayaw
Vehumet
Wu Jian
Xom
Yredelemnul
Zin
The Shining One
Beogh

Shops:
D:7 ?   Orc:2 :

Annotations:
D:11 exclusion: gargoyle
D:12 Nergalle
Orc:2 exclusion: door, Saint Roka IceCv exclusion: ice statue


Innate Abilities, Weirdness & Mutations

You cannot wear boots.
Your serpentine skin is tough. (AC +4)
You have supernaturally acute eyesight. (SInv)
Armour fits poorly on your strangely shaped body.
Your system is resistant to poisons. (rPois)
You cover ground very slowly.
You have a slow metabolism.
You can spit poison.
You have a pair of small antennae on your head.
You tend to lose your temper in combat.
Your mind is acute. (Int +2)
You are resistant to hostile enchantments. (MR+)


Message History

Found an inconspicuous book.
You are engulfed in freezing vapours.
Casting: Sticky Flame
Confirm with . or Enter, or press ? or * to list all spells.
Aiming: Sticky Flame
Press: ? - help, Shift-Dir - straight line, f - ice beast
Aim: an ice beast (freezing vapour, summoned)
The sticky flame hits the ice beast.
The ice beast melts!
The ice beast is moderately wounded.
The ice beast is covered in liquid flames!
You hear a sizzling sound!
You are engulfed in freezing vapours.
The ice beast burns!
The ice beast hits you. The ice beast freezes you!
* * * LOW HITPOINT WARNING * * *
The ice statue gestures.
The ice beast burns! x2
You kill the ice beast!
The ice statue gestures at you. The bolt of cold hits you!
You die...

#...## ##§§§# { {
#§§## ######## ##§##
##§...#.####§§####
##§§.#....##§≈##.#.
#§§####..##..##.#.#
#..###..##..≈.#..#.
#.@.##..###..#.##.#
#Y8.##...####÷.#####
#...####...####..##
###.# ###...##...#
.#: ##...##..# .. #
##......# ##
###...## #####


You could see an ice statue and an ice beast.

Vanquished Creatures
  Snorg (D:11)
  3 two-headed ogres
  4 orc knights
  An orc sorcerer (Orc:2)
  A spiny frog (Lair:1)
  A gargoyle (D:10)
  2 rime drakes (Lair:1)
  A troll (Orc:2)
  A hornet (D:9)
  4 hippogriffs
  2 slime creatures (D:5)
  A spriggan (D:7)
  5 yaks
  A wraith (D:11)
  A hungry ghost (D:10)
  The ghost of Gobser the Skirmisher, an amateur DsFi (D:4)
  A warg (Orc:1)
  Duvessa (D:7)
  3 ice beasts
  18 orc warriors
  4 sky beasts
  A black bear (D:10)
  3 phantoms
  16 ogres
  10 wolves
  5 centaurs
  3 big kobolds
  10 bullfrogs
  13 killer bees
  6 scorpions
  Dowan (D:7)
  7 wights
  A howler monkey (D:7)
  5 crimson imps
  A centaur zombie (D:5)
  5 hounds
  5 jellies
  5 quasits
  A bullfrog zombie (D:11)
  19 orc priests
  6 iguanas
  An iron imp (D:7)
  15 orc wizards
  7 worker ants
  A hound zombie (D:5)
  2 hound skeletons
  A worker ant zombie (D:7)
  4 gnolls (D:8)
  14 adders
  A shadow imp (D:6)
  5 oozes (D:5)
  2 adder skeletons (D:8)
  A worm (D:4)
  A dart slug (D:2)
  7 leopard geckos
  81 orcs
  3 ball pythons
  5 bats
  3 giant cockroaches
  7 goblins
  2 hobgoblins
  4 jackals
  5 quokkas
  5 frilled lizards
  18 kobolds
  A leopard gecko zombie (D:5)
  13 rats
389 creatures vanquished.

Vanquished Creatures (collateral kills)
  A killer bee (D:8)
1 creature vanquished.

Vanquished Creatures (others)
  A polar bear (IceCv)
  A yak (IceCv)
  An orc (D:10)
  5 fungi (D:5)
  4 toadstools (D:5)
12 creatures vanquished.

Grand Total: 402 creatures vanquished

Notes
Turn   | Place    | Note
-------+----------+-------------------------------------------
     0 | D:1      | Ludini the Naga Wizard began the quest for the Orb.
     0 | D:1      | Reached XP level 1. HP: 15/15 MP: 4/4
   360 | D:1      | Reached skill level 2 in Conjurations
   360 | D:1      | Reached XP level 2. HP: 16/22 MP: 0/6
  1223 | D:2      | Reached skill level 3 in Conjurations
  1223 | D:2      | Reached XP level 3. HP: 28/28 MP: 5/7
  1232 | D:2      | Learned a level 3 spell: Mephitic Cloud
  1280 | D:2      | Found a faded altar of an unknown god.
  1530 | D:2      | Learned a level 3 spell: Conjure Flame
  1567 | D:2      | Reached skill level 1 in Air Magic
  1861 | D:2      | Reached XP level 4. HP: 36/36 MP: 5/8
  2249 | D:3      | Found an ornate altar of the Wu Jian Council.
  2704 | D:3      | Reached XP level 5. HP: 36/42 MP: 3/9
  2752 | D:3      | Learned a level 2 spell: Blink
  2964 | D:3      | Reached skill level 4 in Conjurations
  3419 | D:4      | Noticed an ogre
  3806 | D:4      | Noticed an ogre
  3819 | D:4      | Killed an ogre
  3819 | D:4      | Reached XP level 6. HP: 49/49 MP: 2/10
  3969 | D:4      | Found a snail-covered altar of Cheibriados.
  4048 | D:4      | Noticed Gobser's ghost (amateur DsFi)
  4194 | D:4      | Reached skill level 5 in Conjurations
  4376 | D:4      | Noticed a phantom
  4398 | D:4      | Killed a phantom
  4398 | D:4      | Reached XP level 7. HP: 46/55 MP: 0/11
  4917 | D:5      | Entered Level 5 of the Dungeon
  5002 | D:5      | Reached skill level 6 in Conjurations
  5010 | D:5      | Reached skill level 5 in Air Magic
  5612 | D:5      | Reached XP level 8. HP: 63/63 MP: 6/12
  5650 | D:5      | Reached skill level 1 in Fighting
  5993 | D:5      | Found a staircase to the Ecumenical Temple.
  6000 | Temple   | Entered the Ecumenical Temple
  6200 | Temple   | Became a worshipper of Sif Muna the Loreminder
  6319 | D:4      | Gained mutation: You have a pair of small antennae on your head. [potion of mutation]
  6319 | D:4      | Gained mutation: You are resistant to hostile enchantments. (MR+) [potion of mutation]
  6319 | D:4      | Gained mutation: You tend to lose your temper in combat. [potion of mutation]
  6319 | D:4      | Gained mutation: Your mind is acute. (Int +2) [potion of mutation]
  6885 | D:5      | Found a hazy altar of Hepliaklqana.
  6885 | D:5      | Found a sparkling altar of Nemelex Xobeh.
  6982 | D:5      | Noticed a slime creature
  7220 | D:5      | Noticed a slime creature
  7226 | D:5      | Killed a slime creature
  7226 | D:5      | Reached skill level 7 in Conjurations
  7448 | D:5      | Killed a slime creature
  7448 | D:5      | Reached * piety under Sif Muna
  7448 | D:5      | Reached XP level 9. HP: 31/76 MP: 13/15
  8550 | D:6      | Found a shattered altar of Ashenzari.
  9131 | D:7      | Found Uthas's Magic Scroll Boutique.
  9481 | D:7      | Reached skill level 1 in Invocations
  9582 | D:7      | Noticed Duvessa
  9582 | D:7      | Noticed Dowan
  9661 | D:7      | Reached skill level 5 in Spellcasting
  9661 | D:7      | Reached skill level 1 in Fire Magic
  9776 | D:7      | Killed Dowan
 10089 | D:7      | Killed Duvessa
 10268 | D:7      | Reached skill level 5 in Stealth
 10347 | D:7      | Found a burning altar of Makhleb.
 10348 | D:7      | Found a shimmering altar of Xom.
 10361 | D:7      | Reached ** piety under Sif Muna
 10638 | D:7      | Found a snail-covered altar of Cheibriados.
 10795 | D:7      | Found a snail-covered altar of Cheibriados.
 10802 | D:7      | Reached skill level 8 in Conjurations
 10903 | D:7      | Reached XP level 10. HP: 87/87 MP: 11/18
 11527 | D:8      | Reached skill level 1 in Shields
 12109 | D:8      | Reached skill level 5 in Fighting
 12167 | D:8      | Noticed a two-headed ogre
 12181 | D:8      | Killed a two-headed ogre
 13841 | D:9      | Found a glowing silver altar of Zin.
 14197 | D:10     | Entered Level 10 of the Dungeon
 14313 | D:10     | Reached *** piety under Sif Muna
 14560 | D:10     | Noticed a gargoyle
 14705 | D:10     | Reached XP level 11. HP: 97/97 MP: 20/20
 14979 | D:4      | Killed Gobser's ghost
 15979 | D:10     | Found a staircase to the Orcish Mines.
 15990 | D:10     | Reached skill level 5 in Invocations
 16008 | D:10     | Reached skill level 9 in Conjurations
 16112 | D:10     | Found a roughly hewn altar of Beogh.
 16356 | Orc:1    | Entered Level 1 of the Orcish Mines
 16700 | Orc:2    | Entered Level 2 of the Orcish Mines
 17197 | Orc:1    | Reached **** piety under Sif Muna
 17733 | Orc:1    | Noticed an orc knight
 17733 | Orc:1    | Noticed an orc knight
 17939 | D:11     | Reached skill level 5 in Fire Magic
 18100 | D:11     | Found a staircase to the Lair.
 19089 | D:11     | Noticed Snorg
 19101 | D:11     | Killed Snorg
 19416 | D:11     | Noticed a two-headed ogre
 19438 | D:11     | Killed a two-headed ogre
 19805 | D:12     | Noticed a two-headed ogre
 19822 | D:12     | Noticed Nergalle
 19866 | D:12     | Noticed a two-headed ogre
 19881 | D:11     | Killed a two-headed ogre
 20275 | Orc:1    | Killed an orc knight
 20275 | Orc:1    | Reached XP level 12. HP: 85/109 MP: 8/23
 21760 | Orc:2    | Reached ***** piety under Sif Muna
 21798 | Orc:2    | Found a roughly hewn altar of Beogh.
 21929 | Orc:2    | Found Socrulee's Book Emporium.
 21948 | Orc:2    | Identified Xamohe's Reference Book on Dusty Flames (Sif Muna gifted it to you on level 2 of the Orcish Mines)
 21948 | Orc:2    | Received a gift from Sif Muna
 22219 | Orc:1    | Learned a level 4 spell: Sticky Flame
 22319 | Orc:2    | Reached skill level 10 in Conjurations
 22417 | Orc:2    | Noticed an orc warlord
 23082 | Orc:2    | Noticed Saint Roka
 23231 | Lair:1   | Entered Level 1 of the Lair of Beasts
 23379 | Lair:1   | Found a frozen archway.
 23434 | IceCv    | Entered an ice cave
 23697 | IceCv    | Killed from afar by an ice statue

Skill      XL: |  1  2  3  4  5  6  7  8  9 10 11 12 |
---------------+-------------------------------------+-----
Conjurations   | 2 3 4 5 6 7 8 9 10 | 10.3
Air Magic      | 1 2 3 4 5 6 |  6.3
Fighting       | 3 4 5 7 |  7.7
Translocations | 3 |  3.4
Spellcasting   | 4 5 6 7 |  7.9
Stealth        | 5 7 8 |  8.0
Invocations    | 2 4 6 7 |  7.2
Fire Magic     | 2 3 5 6 |  6.9
Shields        | 2 3 |  3.0
Dodging        | |  1.9
Summonings     | |  1.0

Action                   |  1- 3 |  4- 6 |  7- 9 | 10-12 || total
-------------------------+-------+-------+-------+-------++-------
Melee: Dagger            |     4 |       |    10 |   505 ||   519
       Unarmed           |     3 |       |       |       ||     3
       Mace              |       |    11 |    95 |       ||   106
 Cast: Magic Dart        |    66 |    99 |   270 |   627 ||  1062
       Mephitic Cloud    |       |     7 |    27 |    67 ||   101
       Conjure Flame     |       |     2 |     7 |    14 ||    23
       Blink             |       |       |       |     4 ||     4
       Sticky Flame      |       |       |       |    20 ||    20
Invok: Divine Energy     |       |       |     1 |       ||     1
       Stop Divine Energ |       |       |     1 |       ||     1
       Channel Magic     |       |       |       |     1 ||     1
 Abil: Spit Poison       |    15 |    16 |    33 |    59 ||   123
Evoke: Wand              |       |       |       |     4 ||     4
  Use: Scroll            |       |     6 |     4 |     8 ||    18
       Potion            |       |     4 |     5 |     3 ||    12
 Stab: Confused          |       |       |     4 |    28 ||    32
       Sleeping          |       |       |       |     6 ||     6
  Eat: Chunk             |     2 |     5 |    10 |    32 ||    49
       Ration            |       |     1 |     3 |     2 ||     6
Armor: Robe              |     6 |     4 |    40 |   120 ||   170
       Troll leather arm |       |       |       |    30 ||    30
Dodge: Dodged            |    17 |    16 |   106 |   303 ||   442
Block: Other             |     3 |     8 |    41 |       ||    52
       Reflection        |       |       |     2 |    10 ||    12
       Buckler           |       |       |     2 |   248 ||   250
